 Dungeon Crawl Stone Soup version 0.26.1-10-gdfb7c7de75 (webtiles) character file.

Game seed: 7742855938020441193

4045 tardwrangler69 the Cleaver (level 10, -2/88 HPs)
             Began as a Minotaur Fighter on Apr 4, 2021.
             Was an Elder of Okawaru.
             Slain by a troll (13 damage)
             ... on level 9 of the Dungeon.
             The game lasted 00:07:50 (7075 turns).

tardwrangler69 the Cleaver (Minotaur Fighter)       Turns: 7075, Time: 00:07:50

Health: -2/88      AC: 13    Str: 30    XL:     10   Next: 4%
Magic:  0/11       EV: 13    Int: 10    God:    Okawaru [****..]
Gold:   239        SH:  0    Dex: 10    Spells: 9/9 levels left

rFire    + . .     SeeInvis +   y - +6 battleaxe of Zodgh {chaos, *Drain rPois Int+5 SInv}
rCold    . . .     Faith    .   (shield currently unavailable)
rNeg     . . .     Spirit   +   l - +1 scale mail {Will+}
rPois    +         Reflect  .   (helmet restricted)
rElec    .         Harm     .   m - +2 cloak {rCorr}
rCorr    +         Rampage  .   w - +0 pair of gloves
Will     +....                  (no boots)
Stlth    ..........             b - amulet of guardian spirit
HPRegen  0.24/turn              A - +6 ring of strength
MPRegen  0.12/turn              x - ring of protection from fire

@: no status effects
A: retaliatory headbutt, horns 2
a: Renounce Religion, Heroism


You were on level 9 of the Dungeon.
You worshipped Okawaru.
Okawaru was greatly pleased with you.
You visited 2 branches of the dungeon, and saw 10 of its levels.

You collected 538 gold pieces.
You spent 299 gold pieces at shops.

Inventory:

Hand Weapons
 s - a +0 war axe of freezing
 y - the +6 battleaxe of Zodgh (weapon) {chaos, *Drain rPois Int+5 SInv}
   (You bought it in a shop on level 5 of the Dungeon)

   Each time it hits an enemy it has a different, random effect.
   It affects your intelligence (+5).
   It protects you from poison.
   It lets you see invisible.
   It causes draining when unequipped.
Armour
 c - a +0 kite shield
 l - a +1 scale mail of willpower (worn)
 m - a +2 cloak of preservation (worn)
 w - a +0 pair of gloves (worn)
Jewellery
 b - an amulet of guardian spirit (around neck)
 x - a ring of protection from fire (right hand)
 A - a +6 ring of strength (left hand)
Wands
 a - a wand of digging (6)
 o - a wand of iceblast (26)
 t - a wand of flame (12)
Scrolls
 e - 3 scrolls of identify
 g - 2 scrolls of blinking
 j - 10 scrolls of teleportation
 k - 3 scrolls of remove curse
 p - a scroll of fog {unknown}
Potions
 d - 3 potions of might
 f - 4 potions of curing
 h - 3 potions of haste
 n - a potion of degeneration {unknown}
 q - 3 potions of brilliance {unknown}
 r - a potion of attraction {unknown}
 u - 2 potions of ambrosia {unknown}
 v - 2 potions of magic {unknown}
 z - 2 potions of heal wounds {unknown}
 B - a potion of berserk rage {unknown}
 D - a potion of lignification {unknown}


   Skills:
 + Level 8.1 Fighting
 * Level 10.5 Axes
 + Level 8.1 Armour
 + Level 6.4 Dodging
 - Level 5.2 Shields
 + Level 3.7 Invocations


You had 9 spell levels left.
You didn't know any spells.
Your spell library contained the following spells:

 Spells                   Type           Power        Failure   Level
 Animate Skeleton         Necr           0%           56%         1
 Corona                   Hex            0%           56%         1
 Pain                     Necr           0%           56%         1
 Ensorcelled Hibernation  Hex/Ice        0%           71%         2
 Confusing Touch          Hex            0%           91%         3
 Dazzling Flash           Conj/Hex       0%           91%         3
 Tukima's Dance           Hex            0%           91%         3
 Vampiric Draining        Necr           0%           91%         3
 Animate Dead             Necr           0%           100%        4
 Agony                    Necr           0%           100%        5


Dungeon Overview and Level Annotations

Branches:
Dungeon (9/15)             Temple (1/1) D:4            Lair (0/6) D:9
    Orc: D:9-12

Altars:
Gozag
Kikubaaqudgha
Okawaru
Qazlal
Ru
Xom
Yredelemnul
The Shining One

Shops:
D:5 (??(

Annotations:
D:8 2 transporters, Morgon's ghost, novice DrCj


Innate Abilities, Weirdness & Mutations

You reflexively headbutt those who attack you in melee.
You have a pair of horns on your head.


Message History

The troll closely misses you. You furiously retaliate!
You headbutt the troll. The troll claws you! The troll misses you.
You closely miss the troll.
You headbutt the troll, but do no damage.
The troll is severely wounded.
You hit the orc.
The orc is poisoned.
You kill the orc!
Okawaru accepts your kill. The troll misses you. The troll closely misses you.
The troll claws you but does no damage. The troll closely misses you.
You furiously retaliate!
You headbutt the troll. The troll claws you!
* * * LOW HITPOINT WARNING * * *
The troll claws you!
* * * LOW HITPOINT WARNING * * *
You slash the troll!
The troll is poisoned.
The troll is almost dead.
The troll bites you.
* * * LOW HITPOINT WARNING * * *
The troll claws you but does no damage. x2; The troll bites you!
You die...

#........#........#......#.
#........ #.......#......#
#........ .......#...####
#.........###'#####...#
...........>...).†....#
################......####
......#...>.<...#
......'.........#
......#@........#
......#T).......# .....
#.........# .....
+.........# ....
#...#####.# .... #...' .#
#...#. #...#..


You could see a troll (berserk, agile, very poisoned).

Vanquished Creatures
  A two-headed ogre (D:9)
  Joseph (D:8)
  Sigmund (D:4)
  A wraith (D:9)
  An orc warrior (D:8)
  A sky beast (D:7)
  3 ogres
  4 wolves (D:9)
  A phantom (D:8)
  2 centaurs
  2 big kobolds (D:8)
  6 bullfrogs
  2 scorpions
  4 wights (D:8)
  An electric eel (D:9)
  2 centaur skeletons
  6 hounds
  2 orc wizards
  4 orc priests
  2 bullfrog skeletons
  Crazy Yiuf (D:2)
  An iguana (D:9)
  Terence (D:2)
  Natasha (D:2)
  6 worker ants
  A howler monkey zombie (D:6)
  Robin (D:4)
  A howler monkey skeleton (D:8)
  9 adders
  A shadow imp (D:4)
  An ufetubus (D:7)
  3 adder skeletons
  An adder zombie (D:6)
  2 worms (D:3)
  A dart slug (D:4)
  7 leopard geckos
  15 orcs
  7 bats
  7 giant cockroaches
  14 goblins
  8 hobgoblins
  4 jackals
  18 kobolds
  A quokka (D:9)
  A jackal zombie (D:5)
  4 rats
164 creatures vanquished.

Vanquished Creatures (others)
  An orc (D:9)
1 creature vanquished.

Grand Total: 165 creatures vanquished

Notes
Turn   | Place    | Note
-------+----------+-------------------------------------------
     0 | D:1      | tardwrangler69 the Minotaur Fighter began the quest for the
                  | Orb.
     0 | D:1      | Reached XP level 1. HP: 19/19 MP: 0/0
   173 | D:1      | Reached XP level 2. HP: 27/27 MP: 1/1
   227 | D:1      | Reached skill level 3 in Axes
   682 | D:2      | Reached XP level 3. HP: 33/33 MP: 2/2
   813 | D:2      | Noticed Terence
   818 | D:2      | Killed Terence
   819 | D:2      | Reached skill level 1 in Dodging
  1016 | D:2      | Found a runed translucent door.
  1017 | D:2      | Noticed Crazy Yiuf
  1197 | D:2      | Reached XP level 4. HP: 40/40 MP: 3/3
  1221 | D:2      | Noticed Natasha
  1229 | D:2      | Killed Natasha
  1349 | D:2      | Killed Crazy Yiuf
  1350 | D:2      | Reached skill level 4 in Axes
  1479 | D:3      | Reached XP level 5. HP: 46/47 MP: 4/4
  2102 | D:4      | Noticed Sigmund
  2112 | D:4      | Killed Sigmund
  2113 | D:4      | Reached skill level 5 in Axes
  2113 | D:4      | Reached XP level 6. HP: 53/55 MP: 5/5
  2128 | D:4      | Noticed Robin
  2151 | D:4      | Killed Robin
  2230 | D:4      | Found a staircase to the Ecumenical Temple.
  2274 | D:4      | Reached skill level 5 in Fighting
  2294 | Temple   | Entered the Ecumenical Temple
  2307 | Temple   | Became a worshipper of Warmaster Okawaru
  2440 | D:4      | Reached skill level 5 in Shields
  2675 | D:4      | Reached skill level 5 in Armour
  2675 | D:4      | Reached XP level 7. HP: 61/61 MP: 6/6
  2920 | D:4      | Found a shimmering altar of Xom.
  2987 | D:5      | Entered Level 5 of the Dungeon
  3034 | D:5      | Reached skill level 6 in Axes
  3062 | D:5      | Found Uphadioklowk's Antique Weapon Emporium.
  3098 | D:5      | Found Gotife Terph's Magic Scroll Emporium.
  3207 | D:5      | Found Gecuicsi's Antique Weapon Boutique.
  3215 | D:5      | Bought a brightly glowing battleaxe for 299 gold pieces
  3220 | D:5      | Identified the +6 battleaxe of Zodgh {chaos, *Drain rPois
                  | Int+5 SInv} (You bought it in a shop on level 5 of the
                  | Dungeon)
  3241 | D:5      | Found Mepug's Magic Scroll Shop.
  3393 | D:5      | Reached * piety under Okawaru
  4074 | D:6      | Reached skill level 7 in Axes
  4087 | D:6      | Reached XP level 8. HP: 70/70 MP: 7/7
  5254 | D:7      | Reached skill level 8 in Axes
  5505 | D:8      | Reached ** piety under Okawaru
  5623 | D:8      | Reached skill level 1 in Invocations
  5641 | D:8      | Reached skill level 5 in Dodging
  5724 | D:8      | Reached XP level 9. HP: 79/79 MP: 7/9
  5732 | D:8      | Reached skill level 9 in Axes
  5854 | D:8      | Found an opulent altar of Gozag.
  6183 | D:8      | Noticed Joseph
  6187 | D:8      | Found a transporter.
  6187 | D:8      | Noticed a moth of wrath
  6194 | D:8      | Killed Joseph
  6194 | D:8      | Reached *** piety under Okawaru
  6331 | D:8      | Noticed Morgon's ghost (novice DrCj)
  6350 | D:8      | Found a transporter.
  6531 | D:9      | Noticed a two-headed ogre
  6537 | D:9      | Killed a two-headed ogre
  6538 | D:9      | Reached skill level 10 in Axes
  6681 | D:9      | Found a staircase to the Lair.
  6687 | D:9      | Noticed a troll
  6706 | D:9      | Reached **** piety under Okawaru
  7007 | D:9      | Reached XP level 10. HP: 88/88 MP: 11/11
  7075 | D:9      | Slain by a troll

Illustrated notes

Levels and vault maps discovered:
D:1:      dpeg_arrival_boxes_within_box, layout_basic
D:2:      layout_rooms, uniq_crazy_yiuf_cottage, uniq_terence, uniq_natasha
D:3:      layout_loops_ring
D:4:      layout_loops_ring, minmay_temple_entry_junction, tgw_xom, uniq_robin,
          uniq_sigmund
D:5:      layout_loops_ring, serial_shops, nicolae_shop_waterfront, shop, shop,
          shop
D:6:      layout_basic
D:7:      layout_rooms, serial_aquarium, aquarium_bridge_square
          [aquarium_subvault_wall, aquarium_subvault_bridge,
          aquarium_subvault_window, aquarium_subvault_window],
          aquarium_window_1, aquarium_window_corridor_1, aquarium_view_2c,
          aquarium_view_2d, aquarium_balcony_5b, grunt_ogre_cave,
          chequers_serial_rivers_micro_a
D:8:      layout_basic, overflow_temple_1_default,
          gammafunk_ghost_berserking_beasts, uniq_joseph
D:9:      layout_irregular_city, erik_lair_island,
          chequers_serial_rivers_room_b, the_bakery
Temple:   nicolae_temple_the_god_donut

Skill      XL: |  1  2  3  4  5  6  7  8  9 |
---------------+----------------------------+-----
Axes           | 3 4 5 7 8 10 | 10.5
Fighting       | 4 5 6 7 8 |  8.1
Armour         | 4 5 6 8 |  8.1
Dodging        | 1 2 3 5 6 |  6.4
Shields        | 4 5 |  5.2
Invocations    | 1 3 |  3.7

Action                   |  1- 3 |  4- 6 |  7- 9 | 10-12 || total
-------------------------+-------+-------+-------+-------++-------
Melee: War axe           |    82 |   118 |    21 |       ||   221
       Headbutt          |     9 |    15 |    19 |     2 ||    45
       Battleaxe         |       |       |   141 |    17 ||   158
Invok: Heroism           |       |       |     1 |       ||     1
  Use: Scroll            |       |       |    11 |       ||    11
 Stab: Paralysed         |       |       |     4 |       ||     4
       Petrifying        |       |       |     1 |       ||     1
       Petrified         |       |       |     1 |       ||     1
Armor: Scale mail        |    43 |    45 |    82 |    11 ||   181
Dodge: Dodged            |    23 |    27 |   113 |    21 ||   184
Block: Kite shield       |    54 |    52 |    11 |       ||   117
